 Dungeon Crawl Stone Soup version 0.29.1-2-gbd0b4ee654 (webtiles) character file.

Game seed: 6747835197941270970

2653 Godmorgon the Basher (level 9, -3/68 HPs)
             Began as a Formicid Abyssal Knight on Oct 27, 2022.
             Was a High Priest of Lugonu.
             Slain by an orc warrior
             ... wielding a +1 war axe of holy wrath
              (6 damage)
             ... on level 7 of the Dungeon.
             The game lasted 00:47:39 (10499 turns).

Godmorgon the Basher (Formicid Abyssal Knight)     Turns: 10499, Time: 00:47:40

Health: -3/68      AC: 13    Str: 28    XL:     9   Next: 93%
Magic:  12/12      EV: 10    Int: 10    God:    Lugonu [*****.]
Gold:   467        SH:  5    Dex: 14    Spells: 8/8 levels left

rFire   + . .      SeeInvis +   a - +0 dire flail
rCold   . . .      Faith    .   B - +0 buckler
rNeg    . . .      Spirit   .   p - +2 scale mail {rF+}
rPois   .          Reflect  .   (helmet unavailable)
rElec   .          Harm     .   (no cloak)
rCorr   .          Rampage  .   (no gloves)
Will    .....                   (no boots)
Stlth   ..........              (no amulet)
HPRegen 0.21/turn               C - +4 ring of protection
MPRegen 0.13/turn               H - +6 ring of strength

@: no status effects
A: permanent stasis, dig shafts and tunnels, antennae 3, four strong arms
a: Dig, Shaft Self, Renounce Religion, Depart the Abyss, Bend Space, Banish,
Corrupt, Enter the Abyss


You were on level 7 of the Dungeon.
You worshipped Lugonu.
Lugonu was extremely pleased with you.
You visited 1 branch of the dungeon, and saw 8 of its levels.
You visited the Abyss 1 time.
You also visited: Ossuary.

You collected 467 gold pieces.

Inventory:

Hand Weapons
 a - a +0 dire flail (weapon)
Missiles
 c - 5 boomerangs
 h - 3 boomerangs of dispersal
 l - 28 poisoned darts (quivered)
 x - 2 curare-tipped darts
 E - 6 javelins
Armour
 e - a +0 kite shield
 k - a +0 crystal plate armour
 p - a +2 scale mail of fire resistance (worn)
 B - a +0 buckler (worn)
Magical Staves
 b - a staff of air
 K - a staff of poison
Jewellery
 C - a +4 ring of protection (left hand)
 H - a +6 ring of strength (right hand)
 J - a ring of flight
 L - a ring of fire
Wands
 s - a wand of mindburst (37)
 A - a wand of roots (10)
 F - a wand of polymorph (7)
 I - a wand of flame (23)
Scrolls
 d - 3 scrolls of magic mapping
 g - a scroll of fog {unknown}
 m - 2 scrolls of poison {unknown}
 q - a scroll of vulnerability {unknown}
 r - 3 scrolls of fear
 v - a scroll of acquirement {unknown}
 y - 4 scrolls of enchant armour {unknown}
 G - a scroll of enchant weapon {unknown}
 M - 2 scrolls of identify
Potions
 f - 2 potions of ambrosia
 i - a potion of invisibility
 j - 2 potions of resistance
 n - a potion of brilliance
 o - 4 potions of lignification
 t - a potion of flight
 u - a potion of heal wounds {unknown}
 w - a potion of magic {unknown}
 z - a potion of mutation {unknown}
 D - 4 potions of curing


   Skills:
 + Level 5.4 Fighting
 * Level 9.7 Maces & Flails
 * Level 3.3 Throwing
 - Level 5.0 Armour
 - Level 0.8 Dodging
 + Level 4.8 Shields
 + Level 5.0 Invocations


You had 8 spell levels left.
You didn't know any spells.
Your spell library was empty.

Dungeon Overview and Level Annotations

Branches:
Dungeon (8/15)            Ossuary (visited)
 Temple: D:4-7         Lair: D:8-11

Altars:
Ashenzari
Dithmenos
Gozag
Kikubaaqudgha
Makhleb
Nemelex Xobeh
Qazlal
Sif Muna
Uskayaw
Vehumet
Xom
Yredelemnul
Zin

Annotations:
D:4 Grinder


Innate Abilities, Weirdness & Mutations

You cannot be hasted, slowed, berserked, paralysed or teleported.
You can dig through walls and to a lower floor.
You have a pair of large antennae on your head. (SInv)
Your four strong arms can wield two-handed weapons with a shield.


Message History

The orc priest shouts!
The orc warrior hits you with a +1 war axe of holy wrath.
Throw: 29 darts (poison)
Press: ? - help, Q - select action, (/) - cycle Shift-Dir - straight line, f/p - orc warrior
Aim: an orc warrior, wielding a +1 war axe of holy wrath and wearing a +0 chain mail (58% to hit)
You throw a poisoned dart. The poisoned dart hits the orc warrior.
The orc warrior is poisoned.
The orc warrior hits you with a +1 war axe of holy wrath.
The orc priest jeers loudly.
The orc priest invokes the aid of Beogh against you.
Beogh smites you!
The orc warrior attacks as you move away!
The orc warrior barely misses you.
The orc warrior attacks as you move away!
The orc warrior hits you with a +1 war axe of holy wrath.
The orc priest looks encouraged for a moment.
The orc warrior attacks as you move away!
The orc warrior hits you with a +1 war axe of holy wrath.
The orc warrior looks more healthy.
The orc warrior attacks as you move away!
You block the orc warrior's attack.
There is a stone staircase leading up here.
The orc warrior hits you with a +1 war axe of holy wrath!
* * * LOW HITPOINT WARNING * * *
You climb upwards.
There is a stone staircase leading down here.
You closely miss the orc warrior.
The orc warrior is moderately wounded.
The orc warrior hits you with a +1 war axe of holy wrath.
* * * LOW HITPOINT WARNING * * *
You closely miss the orc warrior.
The orc warrior is moderately wounded.
You completely miss the orc warrior.
The orc warrior is moderately wounded.
The orc warrior hits you with a +1 war axe of holy wrath!
* * * LOW HITPOINT WARNING * * *
You closely miss the orc warrior.
The orc warrior is moderately wounded.
The orc warrior hits you with a +1 war axe of holy wrath.
You die...

#### ### #..####.#####
.....#...#..## .............#
#### #### ............####@.#
##..###### ...............o..###
##.....#..#
##.........#........###..........
...........#......:.##....#......
##.#...........##.........#....##
.###...........###.............##
......##.......#............#....
##..##......................###..
...##..........#....###.....##..#


You could see an orc warrior.

Vanquished Creatures
  A hornet (D:7)
  A steam dragon (D:7)
  3 orc warriors
  An ice beast (D:6)
  A sky beast (D:6)
  A centaur (D:6)
  An ogre (D:5)
  A phantom (D:5)
  2 kobold brigands (D:8)
  3 elf zombies (Ossuary)
  A bullfrog (D:8)
  A scorpion (D:5)
  2 gnoll sergeants
  A howler monkey (D:6)
  3 centaur zombies (Ossuary)
  3 orc priests
  4 hounds
  A jelly (D:5)
  A human zombie (Ossuary)
  4 iguanas
  3 orc wizards
  3 mummies (Ossuary)
  18 gnolls
  8 adders
  2 shadow imps (D:6)
  2 white imps
  An ufetubus (D:7)
  7 adder zombies (Ossuary)
  2 dart slugs
  18 orcs
  3 ball pythons
  14 bats
  3 endoplasms
  A giant cockroach (D:1)
  4 goblins
  6 hobgoblins
  2 jackals (D:3)
  13 kobolds
  3 quokkas
  6 frilled lizards
  2 gnoll zombies (Ossuary)
  6 goblin zombies
  3 hobgoblin zombies (Ossuary)
  A jackal zombie (Ossuary)
  4 kobold zombies (Ossuary)
  2 quokka zombies (Ossuary)
  7 rats
  4 rat zombies
184 creatures vanquished.

Vanquished Creatures (others)
  23 plants
23 creatures vanquished.

Grand Total: 207 creatures vanquished

Notes
Turn   | Place    | Note
-------+----------+-------------------------------------------
     0 | Abyss:1  | Godmorgon the Formicid Abyssal Knight began the quest for
                  | the Orb.
     0 | Abyss:1  | Reached XP level 1. HP: 18/18 MP: 2/2
     1 | D:1      | Escaped the Abyss
   177 | D:1      | Reached XP level 2. HP: 23/24 MP: 3/3
   317 | D:1      | Reached skill level 3 in Maces & Flails
   961 | D:1      | Reached XP level 3. HP: 27/29 MP: 4/4
   988 | D:1      | Reached *** piety under Lugonu
  2517 | D:3      | Reached skill level 4 in Maces & Flails
  2517 | D:3      | Reached XP level 4. HP: 33/35 MP: 5/5
  2677 | D:3      | Found a shimmering altar of Xom.
  3101 | D:3      | Found a stormy altar of Qazlal.
  3108 | D:3      | Found a shadowy altar of Dithmenos.
  3109 | D:3      | Found a burning altar of Makhleb.
  3110 | D:3      | Found a sparkling altar of Nemelex Xobeh.
  3113 | D:3      | Found a glowing silver altar of Zin.
  3467 | D:4      | Reached XP level 5. HP: 36/41 MP: 6/6
  3677 | D:4      | Noticed Grinder
  3699 | D:4      | Noticed an ogre
  3768 | D:5      | Entered Level 5 of the Dungeon
  3768 | D:5      | Noticed a +0 dagger
  3768 | D:5      | Found a hide-covered altar of Uskayaw.
  3770 | D:5      | Noticed a +0 hand axe
  3940 | D:5      | Found a sand-covered staircase.
  3967 | Ossuary  | Entered an ossuary
  3998 | Ossuary  | Reached **** piety under Lugonu
  3999 | Ossuary  | Reached skill level 5 in Maces & Flails
  4091 | Ossuary  | Reached XP level 6. HP: 31/47 MP: 7/7
  4343 | Ossuary  | Reached skill level 6 in Maces & Flails
  4343 | Ossuary  | Reached XP level 7. HP: 44/52 MP: 8/8
  5157 | D:4      | Reached skill level 7 in Maces & Flails
  5157 | D:4      | Reached skill level 5 in Armour
  5331 | D:5      | Found an ancient bone altar of Kikubaaqudgha.
  5337 | D:5      | Found a shimmering blue altar of Sif Muna.
  5338 | D:5      | Found a radiant altar of Vehumet.
  5433 | D:5      | Reached XP level 8. HP: 34/58 MP: 9/9
  5813 | D:5      | Reached skill level 8 in Maces & Flails
  6195 | D:5      | Reached skill level 1 in Shields
  7778 | D:6      | Reached XP level 9. HP: 25/66 MP: 11/11
  8343 | D:6      | Reached ***** piety under Lugonu
  8344 | D:6      | Reached skill level 9 in Maces & Flails
  8703 | D:7      | Noticed a hornet
  8907 | D:6      | Reached skill level 1 in Throwing
  9212 | D:7      | Killed a hornet
  9324 | D:7      | Reached skill level 5 in Fighting
  9860 | D:8      | Found a broken altar of Ashenzari.
  9860 | D:8      | Found a basalt altar of Yredelemnul.
  9871 | D:8      | Found an opulent altar of Gozag.
  9885 | D:8      | HP: 3/68 [vampire/vampiric draining (10)]
 10382 | D:8      | Reached skill level 5 in Invocations
 10498 | D:7      | HP: 3/68 [orc warrior/+1 war axe of holy wrath (11)]
 10499 | D:7      | Slain by an orc warrior

Illustrated notes

Levels and vault maps discovered:
D:1:      tarquinn_simple_flora_water_f, layout_basic, wad_woods_river_04,
          minmay_pentomino_w4
D:2:      layout_basic
D:3:      layout_loops_ring, minitemple,
          mainiacjoe_overflow_concentric_impassable
D:4:      cheibrodos_old_hovel, layout_basic, lemuel_temple_firewalk_b,
          uniq_grinder
D:5:      layout_gridville, grunt_temple_overflow_magic_moments,
          dancing_weapons_uskayaw, enter_ossuary_4
D:6:      layout_loops_ring
D:7:      layout_cave_pools
D:8:      layout_basic, chequers_temple_overflow_statue_of_worship,
          kennysheep_small_square

Skill      XL: |  1  2  3  4  5  6  7  8  9 |
---------------+----------------------------+-----
Maces & Flails | 3 4 5 6 7 8 9 |  9.7
Armour         | 3 4 5 |  5.0
Shields        | 2 4 |  4.8
Invocations    | 3 5 |  5.0
Fighting       | 4 5 |  5.4
Throwing       | 3 |  3.3
Dodging        | |  0.8

Action                   |  1- 3 |  4- 6 |  7- 9 || total
-------------------------+-------+-------+-------++-------
Melee: Mace              |   184 |   191 |    88 ||   463
       Punch             |       |     3 |     3 ||     6
       Flail             |       |       |   169 ||   169
       Morningstar       |       |       |    89 ||    89
       Dire flail        |       |       |   110 ||   110
Throw: Dart              |       |     4 |    60 ||    64
Invok: Bend Space        |       |       |     1 ||     1
Evoke: Wand              |       |       |     5 ||     5
  Use: Scroll            |       |     4 |     8 ||    12
       Potion            |       |       |     2 ||     2
 Stab: Sleeping          |     1 |       |       ||     1
Armor: Leather armour    |     4 |       |       ||     4
       Ring mail         |    22 |       |       ||    22
       Crystal plate arm |    40 |   190 |   166 ||   396
       Scale mail        |       |       |    60 ||    60
Dodge: Dodged            |    53 |    21 |    94 ||   168
Block: Kite shield       |       |       |    50 ||    50
       Buckler           |       |       |    44 ||    44
